 Dungeon Crawl Stone Soup version 0.29-a0-360-g8ed1089bbe (webtiles) character file.

Game seed: 17660604295034010060

65 ytrimaz the Chopper (level 3, -5/43 HPs)
             Began as a Demonspawn Berserker on Apr 28, 2022.
             Was a Believer of Trog.
             Slain by Edmund
             ... wielding a +2 flail of holy wrath
              (9 damage)
             ... on level 4 of the Dungeon.
             The game lasted 00:01:46 (1731 turns).

ytrimaz the Chopper (Demonspawn Berserker)          Turns: 1731, Time: 00:01:46

Health: -5/43      AC: 10    Str: 19    XL:     3   Next: 94%
Magic:  3/3        EV:  8    Int:  8    God:    Trog [**....]
Gold:   44         SH:  0    Dex: 12    Spells: 2/2 levels left

rFire   . . .      SeeInvis .   a - +0 hand axe
rCold   . . .      Faith    .   (no shield)
rNeg    . . .      Spirit   .   e - +0 chain mail
rPois   .          Reflect  .   d - +0 helmet
rElec   .          Harm     .   (no cloak)
rCorr   .          Rampage  .   (no gloves)
Will    ++...                   (no boots)
Stlth   ..........              (no amulet)
HPRegen 1.14/turn               (no ring)
MPRegen 0.08/turn               (no ring)

@: berserking (expiring), strong-willed, regenerating, very quick
A: rugged brown scales 1, spiny 1
a: Renounce Religion, Berserk, Trog's Hand


You were on level 4 of the Dungeon.
You worshipped Trog.
Trog was pleased with you.
You visited 1 branch of the dungeon, and saw 3 of its levels.

You collected 44 gold pieces.

Inventory:

Hand Weapons
 a - a +0 hand axe (weapon)
Missiles
 g - a throwing net (quivered)
Armour
 d - a +0 helmet (worn)
 e - a +0 chain mail (worn)
Wands
 h - a wand of polymorph (3)
Scrolls
 j - a scroll of brand weapon {unknown}
Potions
 b - a potion of might {unknown}
 c - 2 potions of magic {unknown}
 f - a potion of flight {unknown}
 i - a potion of heal wounds {unknown}


   Skills:
 + Level 3.6 Fighting
 + Level 3.7 Axes
 - Level 1.7 Armour
 * Level 2.3 Dodging


You had 2 spell levels left.
You didn't know any spells.
Your spell library was empty.

Dungeon Overview and Level Annotations

Branches:
Dungeon (2/15)

Altars:
Ru

Annotations:
D:4 Edmund


Innate Abilities, Weirdness & Mutations

You are partially covered in rugged brown scales. (AC +1, +3% HP)
You are partially covered in sharp spines.


Message History

You hit Edmund.
Edmund is lightly wounded.
You hit the gnoll. You slash Edmund!
Edmund is moderately wounded.
You hit the gnoll.
You kill the gnoll!
Trog accepts your kill.
Edmund hits you with a +2 flail of holy wrath.
You convulse.
The gnoll hits you from afar with a +0 halberd.
You barely miss Edmund.
Edmund is moderately wounded.
The gnoll barely misses you. Edmund is struck by your spines.
Edmund hits you with a +2 flail of holy wrath!
You convulse!
You hit Edmund but do no damage.
Edmund is moderately wounded.
The gnoll hits you from afar with a +0 halberd.
* * * LOW HITPOINT WARNING * * *
Edmund hits you but does no damage.
Unknown command.
You slash Edmund!
Edmund is heavily wounded.
The gnoll closely misses you.
Edmund hits you with a +2 flail of holy wrath.
* * * LOW HITPOINT WARNING * * *
You convulse.
* * * LOW HITPOINT WARNING * * *
You barely miss Edmund.
Edmund is heavily wounded.
You closely miss Edmund.
Edmund is heavily wounded.
The gnoll closely misses you. Edmund is struck by your spines.
Edmund barely misses you.
You slash Edmund!
Edmund is almost dead.
The gnoll hits you but does no damage.
Edmund hits you with a +2 flail of holy wrath!
You die...

............#
.##########.#########
#######.†........
..............##.
##.####............
.. #..##.###.##
#.###.(##.## #
#...#..#..(##.#
#)@.......#.#
...wgg@.........#
##..#########..## ...
#.#.# # #.#..# #.#..#
#.#..# #..... #.#..#.


You could see Edmund, 2 gnolls and a dart slug.

Vanquished Creatures
  An adder (D:4)
  A gnoll (D:4)
  A worm (D:2)
  A dart slug (D:4)
  4 endoplasms
  A giant cockroach (D:1)
  5 hobgoblins
  3 jackals (D:2)
  3 kobolds
  3 quokkas (D:1)
  4 ball pythons
  3 bats (D:1)
  3 frilled lizards
  3 goblins
  4 rats (D:1)
40 creatures vanquished.

Notes
Turn   | Place    | Note
-------+----------+-------------------------------------------
     0 | D:1      | ytrimaz the Demonspawn Berserker began the quest for the
                  | Orb.
     0 | D:1      | Reached XP level 1. HP: 18/18 MP: 1/1
   196 | D:1      | Gained mutation: You are partially covered in rugged brown
                  | scales. (AC +1, +3% HP) [demonic ancestry]
   196 | D:1      | Reached XP level 2. HP: 9/24 MP: 2/2
  1127 | D:1      | Found a faded altar of an unknown god.
  1341 | D:2      | Found a sacrificial altar of Ru.
  1351 | D:2      | Reached ** piety under Trog
  1359 | D:2      | Gained mutation: You are partially covered in sharp spines.
                  | [demonic ancestry]
  1359 | D:2      | Reached XP level 3. HP: 27/29 MP: 3/3
  1604 | D:2      | You fall into a shaft and drop 2 floors!
  1719 | D:4      | Noticed Edmund
  1728 | D:4      | HP: 2/43 [Edmund/+2 flail of holy wrath (5)]
  1731 | D:4      | Slain by Edmund

Illustrated notes

Levels and vault maps discovered:
D:1:      minmay_arrival_shattered_statue, layout_basic,
          hellmonk_ecumenical_altar_prayer_group
D:2:      cheibrodos_pilgrimage, layout_basic, basic_altar
D:4:      layout_loops_ring, minivault_27, uniq_edmund

Skill      XL: |  1  2 |
---------------+-------+-----
Dodging        | 2 |  2.3
Axes           | 3 |  3.7
Fighting       | |  3.6
Armour         | |  1.7

Action                   || total
-------------------------++-------
Melee: Hand axe          ||   109
       Punch             ||     1
Invok: Berserk           ||     1
       Trog's Hand       ||     1
  Use: Scroll            ||     1
Armor: Chain mail        ||    71
       Animal skin       ||     2
Dodge: Dodged            ||    49

Table legend: (Time is in decaauts)
 A = Elapsed time spent in this place.
 B = Non-inter-level travel time spent in this place.
 C = Inter-level travel time spent in this place.
 D = Time resting spent in this place.
 E = Time spent auto-exploring this place.
 F = Levels seen in this place.
 G = Mean time per level.
                   A        B        C        D        E       F      G
               +--------+--------+--------+--------+--------+-----+--------+
         Total |   1743 |   1722 |     21 |    159 |   1255 |   3 |  581.0 |
       Dungeon |   1743 |   1722 |     21 |    159 |   1255 |   3 |  581.0 |
               +--------+--------+--------+--------+--------+-----+--------+

Top non-repeatable levels by time:
     D:1: 1348 daAuts
     D:2: 268 daAuts
     D:4: 127 daAuts
